 Dungeon Crawl Stone Soup version 0.17-a0-1011-gfa70bdd (webtiles) character file.

518 inmateoo the Firebug (level 7, -11/50 HPs)
             Began as a Purple Draconian Fire Elementalist on May 13, 2015.
             Mangled by a mummy (13 damage)
             ... in an ossuary.
             The game lasted 00:10:13 (3641 turns).

inmateoo the Firebug (DrFE)                         Turns: 3641, Time: 00:10:13

Health: -11/50     AC:  7    Str: 10    XL:     7   Next: 1%
Magic:  7/13       EV: 13    Int: 22    God:
Gold:   133        SH:  0    Dex: 12    Spells: 3 memorised, 8 levels left

rFire  . . .     SeeInvis .     o - +1 halberd (venom)
rCold  . . .     Clarity  .     (armour unavailable)
rNeg   . . .     SustAb   .     (no shield)
rPois  .         Gourm    .     (helmet restricted)
rElec  .         Spirit   .     (no cloak)
rCorr  .         Warding  .     (no gloves)
rMut   .         Stasis   .     j - +0 pair of boots
MR     +....                    h - amulet of rage
Stlth  ++........               (no ring)
                                (no ring)

@: brilliant, somewhat resistant to hostile enchantments, unstealthy
A: breathe power, unfitting armour, cold-blooded, AC +6
a: Breathe Dispelling Energy, Evoke Berserk Rage


You were in an ossuary.
You were very hungry.

You visited 1 branch of the dungeon, and saw 5 of its levels.
You also visited: Sewer and Ossuary.

You collected 133 gold pieces.

Inventory:

Hand weapons
 o - a +1 halberd of venom (weapon)
Missiles
 r - a throwing net (quivered)
Armour
 j - a +0 pair of boots (worn)
Jewellery
 h - an amulet of rage (around neck)
 u - a +1 ring of protection {unknown}
Scrolls
 s - 4 scrolls of magic mapping
Potions
 c - 2 potions of brilliance
 d - a potion of cure mutation {unknown}
 e - a potion of degeneration {unknown}
 g - a potion of haste {unknown}
 k - 2 potions of might {unknown}
 l - a potion of magic {unknown}
 n - a potion of lignification {unknown}
 p - a potion of poison {unknown}
 q - a potion of curing {unknown}
 t - 2 potions of heal wounds {unknown}
Books
 a - a book of Flames

   Spells                             Type                      Level
   a - Flame Tongue                   Conjuration/Fire             1
   b - Throw Flame                    Conjuration/Fire             2
   c - Conjure Flame                  Conjuration/Fire             3
   d - Inner Flame                    Hexes/Fire                   3
   e - Sticky Flame                   Conjuration/Fire             4
   f - Fireball                       Conjuration/Fire             5
Comestibles
 b - 3 bread rations
 f - 4 meat rations
 i - 2 beef jerkies


   Skills:
 + Level 3.1 Dodging
 + Level 3.3 Stealth
 + Level 4.0 Spellcasting
 + Level 3.1 Conjurations
 * Level 5.2 Fire Magic


You had 8 spell levels left.
You knew the following spells:

 Your Spells              Type           Power        Failure   Level  Hunger
a - Flame Tongue          Conj/Fire      #####        1%          1    None
b - Throw Flame           Conj/Fire      #####.       1%          2    #......
c - Conjure Flame         Conj/Fire      #####...     1%          3    ###....


Dungeon Overview and Level Annotations

Branches:
Dungeon (5/15)
 Temple: D:4-7

Altars:
Dithmenos
Makhleb
Yredelemnul

Shops:
D:5 =

Annotations:
D:4 Dowan, Duvessa


Innate Abilities, Weirdness & Mutations

You can breathe bolts of dispelling energy.
Your rich purple scales are hard (AC +6).
Your body does not fit into most forms of armour.
You are cold-blooded and may be slowed by cold attacks.


Message History

The mummy is heavily damaged.
Casting: Flame Tongue
Confirm with . or Enter, or press ? or * to list all spells.
Aiming: Conjure Flame
Press: ? - help, Dir - move target cursor, f - you, p - mummy
Okay, then.
The mummy hits you!
You puncture the mummy!
The mummy is almost destroyed.
The mummy barely misses you. The mummy hits you! The mummy hits you!
Unknown command.
The mummy barely misses you.
Drink which item? (? for menu, Esc to quit)
Okay, then.
The mummy hits you!!
* * * LOW HITPOINT WARNING * * *
You open the door. 2 zombies come into view.
The mummy hits you!
You die... ####### #.#.#.# #.....# #...# #.∩.# #...# #MMM#

#.@.#
##'##
...
#Z..#
....Z
##...##
#...#
#...#


You could see 3 mummies, a goblin zombie (dormant) and a big kobold zombie.

Vanquished Creatures
  The ghost of stringdemon the Insei, an average OpTm (D:3)
  A sky beast (D:5)
  A hound (D:2)
  An orc wizard (D:4)
  8 gnolls
  4 adders
  4 river rats
  2 orcs (D:4)
  9 goblins
  4 hobgoblins
  13 jackals
  3 kobolds
  A quokka (D:4)
  6 ball pythons
  7 bats
  10 giant cockroaches
  3 giant geckos
  7 giant newts
  A gnoll zombie (D:5)
  2 kobold zombies (D:5)
  29 rats
117 creatures vanquished.

Notes
Turn   | Place    | Note
--------------------------------------------------------------
     0 | D:1      | inmateoo the Draconian Fire Elementalist began the quest for the Orb.
     0 | D:1      | Reached XP level 1. HP: 14/14 MP: 3/3
    49 | D:1      | Reached XP level 2. HP: 15/20 MP: 1/5
   686 | D:1      | Reached XP level 3. HP: 26/26 MP: 4/6
  1009 | D:1      | Learned a level 2 spell: Throw Flame
  1017 | D:1      | Learned a level 3 spell: Conjure Flame
  1517 | D:2      | Reached XP level 4. HP: 31/33 MP: 2/7
  1562 | D:2      | Reached skill level 4 in Fire Magic
  1851 | D:2      | Found a burning altar of Makhleb.
  1872 | D:2      | Reached XP level 5. HP: 29/38 MP: 2/8
  2043 | D:3      | Found a glowing drain.
  2073 | Sewer    | Entered a sewer
  2599 | D:3      | Noticed stringdemon's ghost (average OpTm)
  2599 | D:3      | Found a shadowy altar of Dithmenos.
  2653 | D:3      | Killed stringdemon's ghost
  2653 | D:3      | Reached XP level 6. HP: 13/45 MP: 0/10
  3404 | D:4      | Reached skill level 5 in Fire Magic
  3413 | D:4      | Found a basalt altar of Yredelemnul.
  3420 | D:4      | Noticed Dowan
  3425 | D:4      | Noticed Duvessa
  3425 | D:5      | Entered Level 5 of the Dungeon
  3489 | D:5      | Found Ciry's Jewellery Boutique.
  3565 | D:5      | Your scales start taking on a rich purple colour.
  3565 | D:5      | Reached XP level 7. HP: 42/50 MP: 0/13
  3606 | D:5      | Found a sand-covered staircase.
  3627 | Ossuary  | Entered an ossuary
  3640 | Ossuary  | HP: 2/50 [mummy (18)]
  3641 | Ossuary  | Mangled by a mummy

Vault maps used:
D:1:      saegor_arrival_simple_b
D:2:      makhleb_blood_cavern_becter, first_bread
D:3:      nicolae_dithmenos_shadow_blocks, portal_sewer_entry_c, hex_tiny,
          minivault_14, kennysheep_generic_room_9
D:4:      yredelemnul_altar_generic, uniq_duvessa
D:5:      lemuel_crystal_altar, lemuel_doored_altar, serial_shops, shop,
          enter_ossuary_3, basic_altar
Sewer:    sewer_co_cracked_pipes
Ossuary:  ossuary_minmay_chase

Action                   |  1- 3 |  4- 6 |  7- 9 || total
-------------------------+-------+-------+-------++-------
Melee: Unarmed           |    26 |       |       ||    26
       Halberd           |     7 |   148 |    10 ||   165
 Cast: Flame Tongue      |    74 |    64 |     4 ||   142
       Conjure Flame     |     1 |     4 |       ||     5
       Throw Flame       |       |     2 |       ||     2
  Use: Scroll            |     1 |    10 |     1 ||    12
       Potion            |       |       |     1 ||     1
 Stab: Sleeping          |       |     7 |       ||     7
  Eat: Chunk             |     3 |     7 |       ||    10
